 Dungeon Crawl Stone Soup version 0.32-a0-981-g384da2ce10 (webtiles) character file.

Game seed: 9355127650550767110

35 bananaken the Magician (level 3, -10/25 HPs)
             Began as a Djinni Hedge Wizard on Apr 20, 2024.
             Mangled by Robin
             ... wielding a +4 short sword of electrocution
              (15 damage)
             ... on level 2 of the Dungeon.
             The game lasted 00:04:23 (948 turns).

bananaken the Magician (Djinni Hedge Wizard)         Turns: 948, Time: 00:04:24

Health: -10/25     AC:  2    Str:  9    XL:     3   Next: 52%
Gold:   67         EV: 11    Int: 17    God:
                   SH:  0    Dex: 12

rFire   + + .        a - +0 dagger
rCold   x . .        (no shield)
rNeg    . . .        b - +0 robe
rPois   ∞            c - +0 hat
rElec   .            (no cloak)
rCorr   .            (no gloves)
SInv    .            (boots unavailable)
Will    .....        (no amulet)
Stlth   ++           (no ring)
HPRegen 0.24/turn    (no ring)

%: infuse magic (-11 HP)
@: flying
A: sickness immunity, fire resistance 2, cold vulnerability 1, float, innate
caster, HP casting, extra vitality 1
a: no special abilities


You were on level 2 of the Dungeon.
You visited 1 branch of the dungeon, and saw 2 of its levels.

You collected 67 gold pieces.

Inventory:

Hand Weapons
 a - a +0 dagger (weapon)
Armour
 b - a +0 robe (worn)
 c - a +0 hat (worn)
Scrolls
 d - 3 scrolls of teleportation {unknown}
 h - a scroll of noise {unknown}
Potions
 e - a potion of invisibility {unknown}
 f - a potion of might {unknown}
 g - a potion of haste {unknown}


   Skills:
 - Level 0.9 Short Blades
 - Level 2.6 Dodging
 - Level 1.5 Stealth
 + Level 3.6 Spellcasting
 + Level 3.6 Conjurations
 + Level 3.6 Hexes
   Level 0.0 Charms
 + Level 3.6 Summonings
 + Level 3.6 Necromancy
 + Level 3.6 Translocations
   Level 0.0 Transmutations
 + Level 3.6 Fire Magic
 + Level 3.6 Ice Magic
 + Level 3.6 Air Magic
 + Level 3.6 Earth Magic
 + Level 3.6 Alchemy


You knew the following spells:

 Your Spells              Type           Power      Damage    Failure   Level
a - Magic Dart            Conj           60%        1d6       3%          1
b - Slow                  Hex            60%        N/A       3%          1
c - Blink                 Tloc           30%        N/A       5%          2
d - Call Imp              Summ           30%        N/A       5%          2
e - Mephitic Cloud        Conj/Alch/Air  15%        N/A       11%         3
f - Freeze                Ice            60%        1d7       3%          1
Your spell library was empty.

Dungeon Overview and Level Annotations

Branches:
Dungeon (2/15)

Altars:

Annotations:
D:2 Robin


Innate Abilities, Weirdness & Mutations

You are immune to sickness and miasma.
You are immune to poison.
Your flesh is very heat resistant. (rF++)
You are vulnerable to cold. (rC-)
You float through the air rather than walking.
You learn spells naturally, not from books.
Your magical power is your life essence.
You have superior vitality. (+4 MHP)


Message History

Robin is engulfed in noxious fumes.
Robin appears confused.
Unknown command.
You hit Robin.
Robin is severely wounded.
Your cerulean imp barely misses Robin.
A goblin comes into view. It is wielding a +0 dagger.
Robin is engulfed in noxious fumes.
Robin appears confused.
Unknown command.
Unknown command.
Casting: Mephitic Cloud (quite dangerous; 11% risk of failure)
Confirm with . or Enter, or press ? or * to list all spells.
Okay, then.
You aren't carrying any items that you can evoke.
Okay, then.
Unknown command.
Your cerulean imp hits Robin from afar with a -3 spear.
Robin is engulfed in noxious fumes.
Robin appears confused.
An endoplasm comes into view.
Things that are here:
a +0 club; a +0 club; a hobgoblin corpse Unknown command.
You hit Robin but do no damage.
Robin is almost dead.
Your cerulean imp hits Robin but does no damage.
Robin is engulfed in noxious fumes.
Robin appears confused.
Robin laughs at nothing.
Robin barely misses you.
Unknown command.
You completely miss Robin.
Robin is almost dead.
Your cerulean imp hits Robin but does no damage.
The goblin hits you but does no damage. The endoplasm freezes you.
You are frozen!
You feel a terrible chill!
Robin is engulfed in noxious fumes.
Robin appears confused.
Robin hits you with a +4 short sword of electrocution.
* * * LOW HITPOINT WARNING * * *
You are electrocuted!
Ouch! That really hurt!
You die... ## #.
P. #. .P.P #.######## .P.P. #ggggg...

P....##@#######
#.J5.#######.#
#............#
P..#....#########
#.....>###########
#.................#
#.#......#########.#
#.##....## #.# #
#.#### #.#


You could see Robin (confused, ally target), an endoplasm, 4 goblins and a
friendly cerulean imp (summoned).

Vanquished Creatures
  An adder (D:2)
  2 dart slugs
  2 goblins
  3 hobgoblins
  A quokka (D:1)
  2 ball pythons
  2 bats
  4 frilled lizards
  4 kobolds
  2 rats
23 creatures vanquished.

Vanquished Creatures (collateral kills)
  A goblin (D:2)
1 creature vanquished.

Grand Total: 24 creatures vanquished

Notes
Turn   | Place    | Note
-------+----------+-------------------------------------------
     0 | D:1      | bananaken the Djinni Hedge Wizard began the quest for the
                  | Orb.
     0 | D:1      | bananaken set off with the following spells memorised:
                  | Magic Dart, Slow, Blink, Call Imp, Mephitic Cloud.
     0 | D:1      | Reached XP level 1. HP: 15/15 MP: 0/0
   118 | D:1      | Reached XP level 2. HP: 18/21 MP: 0/0
   775 | D:2      | Reached XP level 3. HP: 22/25 MP: 0/0
   775 | D:2      | Learned a level 1 spell: Freeze
   937 | D:2      | Noticed Robin
   948 | D:2      | Mangled by Robin

Illustrated notes

Levels and vault maps discovered:
D:1:      lemuel_arrival_river_ford, layout_basic, serial_aquarium,
          aquarium_bridge_island_large [aquarium_subvault_large_open,
          aquarium_subvault_bridge, aquarium_subvault_bridge,
          aquarium_subvault_wall, aquarium_subvault_balcony],
          aquarium_bridge_straight [aquarium_subvault_bridge,
          aquarium_subvault_window, aquarium_subvault_bridge,
          aquarium_subvault_window], aquarium_window_2,
          aquarium_window_corridor_3, aquarium_window_fake, aquarium_view_2b,
          aquarium_view_2d, aquarium_balcony_3b, aquarium_pool_side
D:2:      layout_loops_ring, shapermc_ecumenical_altar_gd, grunt_ministairs_1,
          uniq_sigmund, uniq_natasha, uniq_robin

Action                     || total
---------------------------++-------
  Melee: Dagger            ||    23
   Cast: Magic Dart        ||    34
         Call Imp          ||     3
         Freeze            ||     3
         Mephitic Cloud    ||     1
   Stab: Sleeping          ||     2
 Armour: Robe              ||    11
  Dodge: Dodged            ||     5

Table legend: (Time is in decaauts)
 A = Elapsed time spent in this place.
 B = Non-inter-level travel time spent in this place.
 C = Inter-level travel time spent in this place.
 D = Time resting spent in this place.
 E = Time spent auto-exploring this place.
 F = Levels seen in this place.
 G = Mean time per level.
                   A        B        C        D        E       F      G
               +--------+--------+--------+--------+--------+-----+--------+
         Total |    946 |    941 |      5 |     42 |    770 |   2 |  473.0 |
       Dungeon |    946 |    941 |      5 |     42 |    770 |   2 |  473.0 |
               +--------+--------+--------+--------+--------+-----+--------+

Top non-repeatable levels by time:
     D:1: 653 daAuts
     D:2: 293 daAuts
